 Dungeon Crawl Stone Soup version 0.29.1-15-g9cfb28693d (webtiles) character file.

Game seed: 15960614976023829563

542 112233 the Magician (level 7, 0/41 HPs)
             Began as an Octopode Air Elementalist on Feb 26, 2023.
             Killed by their own static electricity (2 damage)
             ... on level 6 of the Dungeon.
             The game lasted 00:04:40 (5296 turns).

112233 the Magician (Octopode Air Elementalist)     Turns: 5296, Time: 00:04:41

Health: 0/41       AC:  5    Str:  7    XL:     7   Next: 27%
Magic:  9/17       EV: 13    Int: 20    God:
Gold:   158        SH:  0    Dex: 12    Spells: 17/20 levels left

rFire   . . .      SeeInvis .   d - +1 dagger (speed)
rCold   . . .      Faith    .   (no shield)
rNeg    . . .      Spirit   .   (helmet restricted)
rPois   .          Reflect  .   (no amulet)
rElec   .          Harm     .   c - +4 ring of protection
rCorr   .          Rampage  .   (no ring)
Will    .....                   (no ring)
Stlth   +++.......              (no ring)
HPRegen 0.13/turn               (no ring)
MPRegen 0.15/turn               (no ring)
                                (no ring)
                                (no ring)

@: no status effects
A: almost no armour, amphibious, 8 rings, camouflage 1, gelatinous body 1,
(nimble swimmer 1), tentacles
a: no special abilities


You were on level 6 of the Dungeon.
You visited 1 branch of the dungeon, and saw 6 of its levels.

You collected 158 gold pieces.

Inventory:

Hand Weapons
 d - a +1 dagger of speed (weapon)
 f - a +1 dagger of electrocution
 r - a +2 vampiric dagger
 s - a +3 war axe
Jewellery
 c - a +4 ring of protection (left tentacle)
 g - a ring of protection from cold
 i - a ring of ice
 k - a ring of wizardry
Scrolls
 b - 2 scrolls of immolation
 l - 3 scrolls of teleportation {unknown}
 m - 2 scrolls of magic mapping {unknown}
 o - a scroll of vulnerability {unknown}
 p - a scroll of silence {unknown}
 q - a scroll of enchant armour {unknown}
Potions
 a - 2 potions of magic
 e - a potion of flight
 h - a potion of resistance {unknown}
 j - a potion of curing {unknown}
 n - a potion of attraction {unknown}


   Skills:
 - Level 2.0 Dodging
 - Level 2.6 Stealth
 + Level 7.1 Spellcasting
 - Level 1.0 Conjurations
 - Level 3.0 Air Magic


You had 17 spell levels left.
You knew the following spells:

 Your Spells              Type           Power      Damage    Failure   Level
a - Shock                 Conj/Air       60%        1d6       4%          1
b - Static Discharge      Conj/Air       15%        3-5/arc   6%          2

Your spell library contained the following spells:

 Spells                   Type           Power      Damage    Failure   Level
 Poisonous Vapours        Pois/Air       26%        N/A       8%          2
 Swiftness                Air            19%        N/A       9%          3
 Sting                    Tmut/Pois      28%        1d4       10%         1
 Airstrike                Air            9%         2d(2-18)  26%         4
 Confusing Touch          Hex            7%         N/A       28%         3
 Olgreb's Toxic Radiance  Pois           7%         N/A       67%         4
 Yara's Violent Unravell  Hex/Tmut       3%         3d4       95%         5
 Enfeeble                 Hex            3%         N/A       100%        7


Dungeon Overview and Level Annotations

Branches:
Dungeon (6/15)
 Temple: D:4-7

Altars:
Ru
The Shining One

Annotations:
D:5 exclusion: upstairs


Innate Abilities, Weirdness & Mutations

You cannot wear most types of armour.
You are amphibious.
You can wear up to eight rings at the same time.
Your skin changes colour to match your surroundings (Stealth+).
Your rubbery body absorbs attacks. (AC +1, EV +1)
((You are camouflaged when in or above water. (Stealth+)))
You have tentacles for arms and can constrict up to eight enemies at once.


Message History

Aim: an ogre, wielding a +0 giant club (lightly wounded, 86% to hit)
The zap hits the ogre.
The ogre is lightly wounded.
Casting: Shock (safe; 4% risk of failure)
Confirm with . or Enter, or press ? or * to list all spells.
Aiming: Shock (safe; 4% risk of failure)
Press: ? - help, Shift-Dir - straight line, f/p - ogre
Aim: an ogre, wielding a +0 giant club (lightly wounded, 86% to hit)
The zap hits the ogre.
The ogre is moderately wounded.
Casting: Shock (safe; 4% risk of failure)
Confirm with . or Enter, or press ? or * to list all spells.
Aiming: Shock (safe; 4% risk of failure)
Press: ? - help, Shift-Dir - straight line, f/p - ogre
Aim: an ogre, wielding a +0 giant club (moderately wounded, 86% to hit)
The zap hits the ogre.
The ogre is heavily wounded.
Casting: Shock (safe; 4% risk of failure)
Confirm with . or Enter, or press ? or * to list all spells.
The ogre is struck by an arc of lightning.
The ogre is severely wounded.
You are struck by an arc of lightning.
The ogre is struck by an arc of lightning.
The ogre is severely wounded.
You are struck by an arc of lightning.
The lightning grounds out.
The ogre hits you with a +0 giant club!!!
Ouch! That really hurt!
* * * LOW HITPOINT WARNING * * *
The howler monkey hoots and howls with incredible vigour!
You hear a shout!
You hear an angry hiss.
Casting: Static Discharge (safe; 6% risk of failure)
Confirm with . or Enter, or press ? or * to list all spells.
The ogre is struck by an arc of lightning!
The ogre is almost dead.
The howler monkey is struck by an arc of lightning.
The howler monkey is moderately wounded.
The ogre is struck by an arc of lightning.
You kill the ogre!
You are struck by an arc of lightning.
You die...

#..## #.... .. ...
##..## #..... ..##...
##..###..# #.##......
##......# #..##....
#......## #..#...#
....##..# #.....#
...####.## #.....# #
#^.
##..#####..h.###..#
##. #......#..#@)....#
#.....####...######..#
##..## ##..# ..# #..#
##.# ... .... #.# ...
### #.# .. #.. . #..
#...


You could see a howler monkey.

Vanquished Creatures
  An ogre (D:6)
  A bullfrog (D:4)
  A necrophage (D:5)
  2 scorpions
  A hound (D:3)
  3 iguanas
  2 orc wizards (D:5)
  A gnoll (D:4)
  5 adders
  2 worms (D:4)
  2 dart slugs
  8 orcs
  7 ball pythons
  9 endoplasms
  2 giant cockroaches (D:1)
  10 goblins
  4 hobgoblins
  3 jackals (D:1)
  2 quokkas
  7 bats
  4 frilled lizards
  6 kobolds
  4 rats (D:1)
87 creatures vanquished.

Vanquished Creatures (others)
  6 plants (D:3)
6 creatures vanquished.

Grand Total: 93 creatures vanquished

Notes
Turn   | Place    | Note
-------+----------+-------------------------------------------
     0 | D:1      | 112233 the Octopode Air Elementalist began the quest for
                  | the Orb.
     0 | D:1      | Reached XP level 1. HP: 11/11 MP: 3/3
     2 | D:1      | Noticed a human
     2 | D:1      | Noticed a naga
     4 | D:1      | Noticed a meteoran
     4 | D:1      | Noticed an elf
     6 | D:1      | Noticed a vampire
     8 | D:1      | Noticed a vine stalker
     8 | D:1      | Noticed a felid
    10 | D:1      | Noticed an octopode
    10 | D:1      | Noticed a tengu
    12 | D:1      | Noticed a troll
    14 | D:1      | Noticed a palentonga
    14 | D:1      | Noticed an ogre
    16 | D:1      | Noticed a merfolk
    16 | D:1      | Noticed a ghoul
    18 | D:1      | Noticed a demonspawn
    18 | D:1      | Noticed a gargoyle
    20 | D:1      | Noticed a spriggan
    20 | D:1      | Noticed a formicid
    22 | D:1      | Noticed a demigod
    22 | D:1      | Noticed a minotaur
    24 | D:1      | Noticed a human
    26 | D:1      | Noticed a palentonga
   340 | D:1      | Reached XP level 2. HP: 17/17 MP: 2/5
   442 | D:1      | Found a faded altar of an unknown god.
   561 | D:1      | Reached skill level 3 in Spellcasting
   699 | D:1      | Reached XP level 3. HP: 21/21 MP: 0/7
   828 | D:2      | You fall into a shaft and drop 1 floor!
   870 | D:3      | Learned a level 2 spell: Static Discharge
  1208 | D:3      | HP: 1/21 [iguana (9)]
  1230 | D:3      | Reached skill level 4 in Spellcasting
  1230 | D:3      | Reached XP level 4. HP: 14/27 MP: 3/10
  3072 | D:1      | Reached XP level 5. HP: 27/31 MP: 6/11
  3268 | D:3      | Reached skill level 5 in Spellcasting
  3378 | D:3      | Found a glowing golden altar of the Shining One.
  3665 | D:4      | Reached XP level 6. HP: 30/36 MP: 7/14
  3867 | D:5      | Entered Level 5 of the Dungeon
  3890 | D:5      | Reached skill level 6 in Spellcasting
  3943 | D:5      | Noticed an ice beast
  4833 | D:5      | Reached XP level 7. HP: 33/41 MP: 7/17
  4973 | D:5      | Found a sacrificial altar of Ru.
  5068 | D:5      | Reached skill level 7 in Spellcasting
  5294 | D:6      | HP: 2/41 [ogre/+0 giant club (36)]
  5296 | D:6      | Killed from afar by themself

Illustrated notes

Levels and vault maps discovered:
D:1:      kb_arrival_jail, layout_rooms, hellmonk_ecumenical_altar_blasted
D:2:      layout_basic, kennysheep_generic_room_10
D:3:      layout_basic, mainiacjoe_overflow_alcove_4, grunt_ministairs_14,
          serial_bayou_lagoon_b
D:4:      layout_basic
D:5:      layout_basic, mainiacjoe_overflow_swirl, kennysheep_mini,
          minmay_temple_entry_offerings, uniq_sigmund
D:6:      layout_layer_cave, chequers_temple_overflow_minitemple,
          nicolae_vehumet_radiance

Skill      XL: |  1  2  3  4  5  6  7 |
---------------+----------------------+-----
Spellcasting   | 3 4 5 6 7 |  7.1
Dodging        | |  2.0
Stealth        | |  2.6
Conjurations   | |  1.0
Air Magic      | |  3.0

Action                   |  1- 3 |  4- 6 |  7- 9 || total
-------------------------+-------+-------+-------++-------
Melee: Unarmed           |     2 |       |       ||     2
       Tentacles         |     3 |     1 |     5 ||     9
       Constrict         |     1 |     2 |     3 ||     6
       Dagger            |     7 |     9 |    15 ||    31
       Punch             |       |       |     2 ||     2
 Cast: Shock             |    65 |   145 |    11 ||   221
       Static Discharge  |     1 |     9 |     2 ||    12
  Use: Potion            |     2 |       |       ||     2
Armor: Skin              |     3 |    10 |     2 ||    15
Dodge: Dodged            |    13 |    34 |     8 ||    55
